 Seeded DCSS version 0.28-a0-804-g60983d4ba9 (webtiles) character file.

Game seed: 20211115 (custom seed)

880 a11behringer the Conjurer (level 7, -1/52 HPs)
             Began as a Yellow Draconian Conjurer on Nov 8, 2021.
             Was a Believer of Nemelex Xobeh.
             Succumbed to a kobold brigand's curare-tipped dart
             ... in a sewer.
             The game lasted 00:33:10 (6260 turns).

a11behringer the Conjurer (DrCj)                    Turns: 6260, Time: 00:33:11

Health: -1/52      AC:  8    Str:  9    XL:     7   Next: 75%
Magic:  13/13      EV: 12    Int: 21    God:    Nemelex Xobeh [**....]
Gold:   322        SH:  0    Dex:  9    Spells: 11/15 levels left

rFire   . . .      SeeInvis .   d - +1 short sword (chaos)
rCold   . . .      Faith    .   (no shield)
rNeg    . . .      Spirit   .   (armour unavailable)
rPois   .          Reflect  .   (helmet restricted)
rElec   .          Harm     .   q - +1 cloak
rCorr   +          Rampage  .   (no gloves)
Will    .....                   (no boots)
Stlth   +.........              i - amulet of magic regeneration
HPRegen 0.17/turn               (no ring)
MPRegen 0.38/turn               (no ring)

@: lethally poisoned (-1 -> -6), short of breath, hasted and slowed, studying
Necromancy, very slow
A: spit acid, AC +6, unfitting armour, cold-blooded, acid resistance
a: Breathe Acid, Renounce Religion, Draw Escape, Draw Destruction, Draw
Summoning


You were in a sewer.
You worshipped Nemelex Xobeh.
Nemelex Xobeh was pleased with you.
You visited 1 branch of the dungeon, and saw 6 of its levels.
You also visited: Sewer.

You collected 322 gold pieces.

Inventory:

Hand Weapons
 d - a +1 short sword of chaos (weapon)
 k - a +1 dagger of freezing
Armour
 q - a +1 cloak (worn)
Jewellery
 i - an amulet of magic regeneration (around neck)
 n - a ring of fire
Wands
 r - a wand of charming (7)
Scrolls
 a - 3 scrolls of enchant weapon
 b - a scroll of blinking
 c - a scroll of teleportation
 l - 3 scrolls of identify
 m - a scroll of brand weapon
 p - 2 scrolls of magic mapping
Potions
 e - a potion of might {unknown}
 f - a potion of attraction
 g - a potion of curing {unknown}
 o - a potion of mutation {unknown}


   Skills:
 + Level 1.5 Fighting
 + Level 3.2 Dodging
 + Level 2.8 Stealth
 + Level 4.5 Spellcasting
 + Level 6.2 Conjurations
 + Level 5.0 Necromancy
 * Level 1.6 Invocations


You had 11 spell levels left.
You knew the following spells:

 Your Spells              Type           Power      Damage    Failure   Level
a - Magic Dart            Conj           100%       1d8       1%          1
b - Searing Ray           Conj           60%        2d6       1%          2
c - Animate Skeleton      Necr           50%        N/A       1%          1

Your spell library contained the following spells:

 Spells                   Type           Power      Damage    Failure   Level
 Pain                     Necr           100%       1d9       1%          1
 Vampiric Draining        Necr           25%        2d7       4%          3
 Dazzling Flash           Conj/Hex       34%        N/A       10%         3
 Fulminant Prism          Conj/Hex       8%         3d7       30%         4
 Iskenderun's Mystic Bla  Conj/Tloc      17%        2d5       30%         4
 Summon Forest            Summ/Tloc      2%         N/A       97%         5
 Summon Mana Viper        Hex/Summ       4%         N/A       97%         5
 Summon Cactus Giant      Summ           2%         N/A       100%        6


Dungeon Overview and Level Annotations

Branches:
Dungeon (6/15)             Temple (0/1) D:6           Sewer (1/1)

Altars:
Fedhas
Nemelex Xobeh
Ru

Annotations:
D:6 Grinder, Pikel, Prince Ribbit


Innate Abilities, Weirdness & Mutations

You can spit globs of acid.
Your golden yellow scales are hard. (AC +6)
You cannot fit into any form of body armour.
You are cold-blooded and may be slowed by cold attacks.
You are resistant to acid. (rCorr)


Message History

You have difficulty breathing.
You feel as though you will be slow longer.
The kobold throws a stone.
The stone hits you but does no damage.
The kobold brigand throws a curare-tipped dart.
The curare-tipped dart barely misses you.
Press: ? - help, Shift-Dir - straight line, f - kobold brigand
Aim: a kobold brigand, wielding a +0 club and quivering curare-tipped darts You spit a glob of acid.
The glob of acid hits the kobold brigand!
The acid corrodes the kobold brigand!
The acid splashes onto the kobold!
The kobold is splashed with acid.
The acid corrodes the kobold!
The kobold brigand is heavily wounded.
You feel extremely sick.
* * * LOW HITPOINT WARNING * * *
You feel extremely sick.
The kobold brigand throws a curare-tipped dart.
The curare-tipped dart hits you.
You are lethally poisoned!
You have difficulty breathing.
* * * LOW HITPOINT WARNING * * *
You feel as though you will be slow longer.
The kobold brigand throws a curare-tipped dart.
The curare-tipped dart closely misses you.
You feel much better.
You feel extremely sick.
The kobold throws a stone.
The stone misses you.
* * * LOW HITPOINT WARNING * * *
You feel very sick.
The kobold throws a stone.
The stone barely misses you.
* * * LOW HITPOINT WARNING * * *
You feel very sick.
You enter the shallow water.
Moving in this stuff is going to be slow.
* * * LOW HITPOINT WARNING * * *
You feel very sick.
The kobold brigand throws a curare-tipped dart.
The curare-tipped dart closely misses you.
It was a potion of haste.
You feel yourself speed up.
You die...
Your body glows slightly and disappears.

#....≈≈.# #..≈≈≈..#
#≈≈≈≈≈≈)# #≈≈≈≈≈≈K#
#.≈≈≈≈≈≈# #.≈≈≈≈K≈#
#.≈≈≈≈≈.#
#.≈≈≈≈≈h#################
#..≈≈≈≈≈@≈≈≈≈≈≈≈≈≈≈≈≈≈≈≈≈
#..≈≈≈≈≈#################
##.≈≈≈≈## #.≈≈≈.#
###.≈≈≈≈# #∩..≈≈≈.#
###.≈≈≈.# #.≈≈≈.# ##≈≈≈##


You could see a kobold brigand (corroded), a jackal and a kobold (corroded).

Vanquished Creatures
  A sky beast (D:5)
  An ice beast (D:5)
  A scorpion (D:3)
  A water moccasin zombie (D:5)
  A bullfrog zombie (D:5)
  2 orc priests (D:4)
  2 hounds (D:5)
  A jelly (D:5)
  4 orc wizards (D:4)
  2 scorpion zombies (D:5)
  A killer bee zombie (D:6)
  7 adders
  3 river rats
  An ufetubus (D:5)
  An adder skeleton (D:4)
  4 worms
  2 dart slugs (D:1)
  14 orcs
  11 ball pythons
  3 endoplasms
  5 giant cockroaches
  4 hobgoblins
  A jackal (Sewer)
  4 quokkas
  4 bats
  8 frilled lizards
  9 goblins
  7 kobolds
  12 rats
117 creatures vanquished.

Vanquished Creatures (others)
  An orc wizard (D:4)
  2 orcs (D:4)
3 creatures vanquished.

Grand Total: 120 creatures vanquished

Notes
Turn   | Place    | Note
-------+----------+-------------------------------------------
     0 | D:1      | a11behringer the Draconian Conjurer began the quest for the
                  | Orb.
     0 | D:1      | Reached XP level 1. HP: 14/14 MP: 3/3
   175 | D:1      | Reached XP level 2. HP: 20/20 MP: 1/5
   336 | D:1      | Reached skill level 1 in Necromancy
  1045 | D:2      | Reached XP level 3. HP: 26/26 MP: 1/6
  1158 | D:2      | Learned a level 2 spell: Searing Ray
  2124 | D:2      | Reached XP level 4. HP: 28/33 MP: 2/8
  2831 | D:3      | Found a faded altar of an unknown god.
  2842 | D:3      | Reached skill level 5 in Conjurations
  2848 | D:3      | Prayed at the altar of an unknown god.
  2848 | D:3      | Became a worshipper of Nemelex Xobeh the Trickster
  2848 | D:3      | Reached * piety under Nemelex Xobeh
  2848 | D:3      | Received a gift from Nemelex Xobeh
  2853 | D:3      | Learned a level 1 spell: Animate Skeleton
  3528 | D:4      | Reached XP level 5. HP: 38/38 MP: 5/9
  3735 | D:4      | Found a sacrificial altar of Ru.
  3871 | D:3      | Reached XP level 6. HP: 11/45 MP: 1/11
  4918 | D:5      | Entered Level 5 of the Dungeon
  4960 | D:5      | Noticed a sky beast
  4971 | D:5      | Killed a sky beast
  4972 | D:5      | Your scales start taking on a golden yellow colour.
  4972 | D:5      | Reached XP level 7. HP: 51/51 MP: 3/13
  4972 | D:5      | Gained mutation: You are resistant to acid. (rCorr) [Yellow
                  | Draconian growth]
  5052 | D:5      | Reached ** piety under Nemelex Xobeh
  5149 | D:5      | Reached skill level 1 in Fighting
  5260 | D:5      | Reached skill level 5 in Necromancy
  5307 | D:5      | Found a blossoming altar of Fedhas.
  5495 | D:5      | Reached skill level 6 in Conjurations
  5497 | D:5      | Reached skill level 1 in Invocations
  5829 | D:6      | Noticed Prince Ribbit
  5834 | D:6      | Noticed Pikel
  5846 | D:6      | Noticed Grinder
  6166 | D:6      | Found a glowing drain.
  6176 | Sewer    | Entered a sewer
  6259 | Sewer    | HP: 1/52 [poisoned by a kobold brigand (curare-tipped
                  | dart)]
  6260 | Sewer    | Succumbed to a kobold brigand's curare-tipped dart

Illustrated notes

Levels and vault maps discovered:
D:1:      saegor_arrival_under_anarchy, layout_loops_ring, minivault_23,
          minmay_heptomino_d4
D:2:      layout_loops_corners, hangedman_decor_peaks_small,
          minmay_split_cup_small
D:3:      minmay_diamond_boxcup, layout_basic, shapermc_ecumenical_altar_pompeii
D:4:      layout_basic, nicolae_ru_path_of_blood, grunt_decor_one_mirror,
          st_stairs_14, minmay_crystal_room
D:5:      layout_loops_ring, mainiacjoe_overflow_small_starburst
D:6:      minmay_flawed_box, layout_rooms, minmay_temple_entry_wispy,
          portal_sewer_entry_b, uniq_pikel, uniq_grinder, uniq_prince_ribbit1
Sewer:    sewer_kobolds

Skill      XL: |  1  2  3  4  5  6  7 |
---------------+----------------------+-----
Necromancy     | 1 2 3 4 5 |  5.0
Stealth        | 2 |  2.8
Conjurations   | 5 6 |  6.2
Spellcasting   | 3 4 |  4.5
Dodging        | 2 3 |  3.2
Fighting       | 1 |  1.5
Invocations    | 1 |  1.6

Action                   |  1- 3 |  4- 6 |  7- 9 || total
-------------------------+-------+-------+-------++-------
Melee: Short sword       |     7 |    41 |     2 ||    50
       Tailslap          |     1 |     3 |       ||     4
 Cast: Magic Dart        |    60 |    42 |    11 ||   113
       Searing Ray       |     5 |    29 |    17 ||    51
       Animate Skeleton  |       |     4 |       ||     4
Invok: Draw Escape       |       |     2 |     1 ||     3
       Draw Destruction  |       |     1 |       ||     1
       Draw Summoning    |       |     1 |       ||     1
 Abil: Breathe Acid      |       |       |     4 ||     4
  Use: Scroll            |     7 |     2 |     4 ||    13
       Potion            |       |     1 |     2 ||     3
Armor: Skin              |     2 |    29 |    12 ||    43
Dodge: Dodged            |     7 |    41 |    19 ||    67

Table legend: (Time is in decaauts)
 A = Elapsed time spent in this place.
 B = Non-inter-level travel time spent in this place.
 C = Inter-level travel time spent in this place.
 D = Time resting spent in this place.
 E = Time spent auto-exploring this place.
 F = Levels seen in this place.
 G = Mean time per level.
                   A        B        C        D        E       F      G
               +--------+--------+--------+--------+--------+-----+--------+
         Total |   6292 |   5828 |    464 |      0 |   5037 |   7 |  898.9 |
       Dungeon |   6184 |   5720 |    464 |      0 |   4960 |   6 | 1030.7 |
         Sewer |    108 |    108 |      0 |      0 |     76 |   1 |  108.0 |
               +--------+--------+--------+--------+--------+-----+--------+

Top non-repeatable levels by time:
     D:4: 1378 daAuts
     D:2: 1298 daAuts
     D:3: 1258 daAuts
     D:1: 988 daAuts
     D:5: 904 daAuts
     D:6: 355 daAuts
   Sewer: 108 daAuts
